 Dungeon Crawl Stone Soup version 0.27.0-1-g7a089689b8 (webtiles) character file.

Game seed: 13004890568499478706

39 trckry the Grasshopper (level 3, -2/36 HPs)
             Began as an Ogre Warper on Aug 14, 2021.
             Was a Follower of Sif Muna.
             Killed from afar by Ijyb (10 damage)
             ... with a puff of flame
             ... on level 3 of the Dungeon.
             The game lasted 00:02:46 (2689 turns).

trckry the Grasshopper (Ogre Warper)                Turns: 2689, Time: 00:02:47

Health: -2/36      AC:  3    Str: 15    XL:     3   Next: 45%
Magic:  6/6        EV:  9    Int: 15    God:    Sif Muna [*.....]
Gold:   52         SH:  0    Dex:  8    Spells: 6/6 levels left

rFire    . . .     SeeInvis .   a - +0 mace
rCold    . . .     Faith    .   (no shield)
rNeg     . . .     Spirit   .   b - +0 robe
rPois    .         Reflect  .   (helmet restricted)
rElec    .         Harm     .   (no cloak)
rCorr    .         Rampage  .   (gloves unavailable)
Will     .....                  (boots unavailable)
Stlth    +.........             (no amulet)
HPRegen  0.12/turn              (no ring)
MPRegen  0.10/turn              (no ring)

@: no status effects
A: large, unfitting armour, tough skin 1
a: Renounce Religion, Channel Magic


You were on level 3 of the Dungeon.
You worshipped Sif Muna.
Sif Muna was aware of your devotion.
You visited 1 branch of the dungeon, and saw 3 of its levels.

You collected 66 gold pieces.
You spent 14 gold pieces at shops.

Inventory:

Hand Weapons
 a - a +0 mace (weapon)
Missiles
 d - 5 boomerangs of dispersal
 k - 4 poisoned darts (quivered)
Armour
 b - a +0 robe (worn)
Scrolls
 c - a scroll of blinking
 g - a scroll of noise
 i - a scroll of amnesia {unknown}
 l - a scroll of enchant weapon {unknown}
 m - a scroll of enchant armour {unknown}
Potions
 e - a potion of degeneration {unknown}
 f - a potion of magic {unknown}
 h - 3 potions of mutation {unknown}
 j - a potion of curing {unknown}
 n - a potion of flight {unknown}


   Skills:
 - Level 2.6 Fighting
 * Level 3.0 Maces & Flails
 - Level 1.0 Throwing
 - Level 2.1 Dodging
 - Level 2.4 Spellcasting
 + Level 3.1 Translocations


You had 6 spell levels left.
You didn't know any spells.
Your spell library contained the following spells:

 Spells                   Type           Power      Damage    Failure   Level
 Blink                    Tloc           N/A        N/A       9%          2
 Gell's Gravitas          Tloc           5%         N/A       17%         3
 Lesser Beckoning         Tloc           5%         N/A       17%         3
 Teleport Other           Tloc           11%        N/A       17%         3
 Magic Dart               Conj           4%         1d3       22%         1
 Searing Ray              Conj           2%         3d3       32%         2
 Manifold Assault         Tloc           11%        N/A       85%         5
 Fulminant Prism          Conj/Hex       0%         3d6       91%         4


Dungeon Overview and Level Annotations

Branches:
Dungeon (3/15)

Altars:
Sif Muna

Shops:
D:1 ?(

Annotations:
D:3 Ijyb


Innate Abilities, Weirdness & Mutations

You are too large for most types of armour.
You have tough skin. (AC +1)


Message History

Press: ? - help, Q - select action, (/) - cycle Shift-Dir - straight line, f/p - Ijyb
Aim: Ijyb, wielding a +0 club, wearing a +0 ring mail and carrying a wand of flame (7) (poisoned, 50% to hit)
You throw a poisoned dart. The poisoned dart closely misses Ijyb.
The poisoned dart hits the rat.
Ijyb drinks a potion.
Ijyb seems to grow stronger.
Throw: 5 darts (poison)
Press: ? - help, Q - select action, (/) - cycle Shift-Dir - straight line, f/p - Ijyb
Aim: Ijyb, wielding a +0 club, wearing a +0 ring mail and carrying a wand of flame (7) (lightly wounded, strong, poisoned, 50% to hit)
You throw a poisoned dart. The poisoned dart barely misses Ijyb.
The rat bites you but does no damage.
Ijyb screams, "Level is mine!
All mine!"
Ijyb hits you with a +0 club.
You take 2 damage, and have 28/36 hp.
You hit Ijyb.
Ijyb is moderately wounded.
The rat closely misses you. Ijyb closely misses you.
You hit Ijyb.
Ijyb is heavily wounded.
The rat bites you. Ijyb hits you but does no damage.
The rat bites you but does no damage.
You take 2 damage, and have 26/36 hp.
You hit Ijyb but do no damage.
Ijyb is heavily wounded.
Ijyb barely misses you. The rat closely misses you. Ijyb barely misses you.
You hit Ijyb.
Ijyb is severely wounded.
Ijyb looks more healthy.
The rat bites you. Ijyb closely misses you.
You take 2 damage, and have 25/36 hp.
You hit Ijyb but do no damage.
Ijyb is severely wounded.
The rat barely misses you. Ijyb hits you with a +0 club!
You take 9 damage, and have 16/36 hp.
MASSIVE DAMAGE!!
You hit Ijyb but do no damage.
Ijyb is severely wounded.
The rat bites you but does no damage. Ijyb hits you with a +0 club!
* * * LOW HITPOINT WARNING * * *
The rat closely misses you.
You take 8 damage, and have 8/36 hp.
MASSIVE DAMAGE!!
Ijyb zaps a wand.
The puff of flame hits you!
You die...

#.#########
#.. #.# ###
#.# #.#
####.#
#....#
#....#
#....#
#..@.#
#....#
#rg..#
...((..#
.........#
#......(..#
#
#......##.#
# #......
.# #
#...... .#
#


You could see Ijyb (strong) and a rat.

Vanquished Creatures
  An adder (D:3)
  A worm (D:3)
  2 dart slugs
  3 bats
  3 giant cockroaches
  2 goblins (D:2)
  3 hobgoblins
  4 jackals (D:2)
  A ball python (D:1)
  2 rats
22 creatures vanquished.

Notes
Turn   | Place    | Note
-------+----------+-------------------------------------------
     0 | D:1      | trckry the Ogre Warper began the quest for the Orb.
     0 | D:1      | Reached XP level 1. HP: 22/22 MP: 3/3
   131 | D:1      | Found Kuogerph's Magic Scroll Emporium.
   139 | D:1      | Bought a scroll of noise for 14 gold pieces
   182 | D:1      | Found Moilakhe's Weapon Shop.
   808 | D:2      | Reached XP level 2. HP: 17/29 MP: 5/5
  1547 | D:2      | Found a faded altar of an unknown god.
  1679 | D:2      | Became a worshipper of Sif Muna the Loreminder
  1679 | D:2      | Reached * piety under Sif Muna
  2198 | D:3      | Reached XP level 3. HP: 7/36 MP: 6/6
  2199 | D:3      | HP: 5/36 [poisoned by an adder]
  2675 | D:3      | Noticed Ijyb
  2689 | D:3      | Killed from afar by Ijyb

Illustrated notes

Levels and vault maps discovered:
D:1:      mushboom_english_gardens, layout_basic, serial_shops, shop_statue,
          nicolae_shop_trees
D:2:      layout_basic, ebering_ecumenical_altar_webs
D:3:      layout_basic, uniq_ijyb

Skill      XL: |  1  2  3 |
---------------+----------+-----
Maces & Flails | 2 3 |  3.0
Translocations | 3 |  3.1
Fighting       | |  2.6
Throwing       | |  1.0
Dodging        | |  2.1
Spellcasting   | |  2.4

Action                   || total
-------------------------++-------
Melee: Mace              ||    98
Throw: Dart              ||     3
Armor: Robe              ||    46
Dodge: Dodged            ||    64
